Match 47222816
Unlisted

Match 47222816
End
Engineer Squad
Construct Weapon Support Center
M1919 Machine Gun Team
Bazooka Squad
Bazooka Squad
Improved M9 Bazooka Rockets
.30 cal Machine Gun
Mechanized Support Center
Engineer Squad
Construct Motor Pool
M16 Multiple Gun Motor Carriage
Selects Heavy Weapons
Selects Assault Carriers
Selects Exchangeable Parts
Engineer Squad
Improvised Armor
Construct Medical Station
M16 Multiple Gun Motor Carriage
M24 Chaffee Light Tank
Bazooka Squad
Engineer Squad
M3 75 mm Gun Motor Carriage
M3 75 mm Gun Motor Carriage
.30 cal Machine Gun
Designate Forward Repair Station
.30 cal Machine Gun
Scout Squad
M3 75 mm Gun Motor Carriage
.30 cal Machine Gun
M3 75 mm Gun Motor Carriage
Selects M26 Pershing Heavy Tank
M26 Pershing Heavy Tank
Construct Barracks
Selects M2HB .50cal Heavy Machine Gun
.30 cal Machine Gun
Riflemen Squad
Wehearvoices
킴스
子清
Knightz
[PD] [9C] [FT] Claudius Tacitus
Nico-Nico-Nii~~
FLOKL
JT
0
0

Comments sign in to comment!

No comments posted yet!